Map: [ESL] Hard Lead

Players

Classic - Winner!

  • Race: Protoss Protoss
  • Spawn Location: 5:00

SHIN

  • Race: Zerg Zerg
  • Spawn Location: 11:00

Event: IEM Katowice 2024

VOD

Have the link to the VOD?

Description

Time

  • Played on: Dec. 6, 2023, 5:14 a.m.
  • Length: 6:41

All games in this series

Show
View Real Time Build Order
Export as new Build Order

Classic Protoss - Winner!

Build Orders: 1 Gate Expand, Oracle Opening 

Get SALT Encoding   

  12  0:00  Probe  
  13  0:12  Probe  
  14  0:17  Pylon  
  14  0:24  Probe (Chrono Boost)  
  15  0:36  Probe (Chrono Boost)  
  15  0:39  Gateway  
  16  0:45  Probe (Chrono Boost)  
  16  0:47  Assimilator  
  17  0:51  Probe  
  18  1:03  Probe  
  19  1:15  Probe  
  20  1:25  Nexus  
  20  1:28  Probe  
  21  1:39  Cybernetics Core  
  21  1:41  Probe  
  22  1:48  Assimilator  
  22  1:52  Pylon  
  22  1:55  Probe  
  23  2:10  Probe  
  23  2:12  Adept (Chrono Boost)  
  26  2:18  Stargate  
  27  2:22  Probe  
  27  2:26  Warp Gate  
  27  2:35  Probe (Chrono Boost), Adept  
  30  2:38  Probe (Chrono Boost)  
  31  2:46  Probe (Chrono Boost)  
  31  2:48  Probe (Chrono Boost)  
  31  2:51  Probe (Chrono Boost)  
  33  2:53  Probe (Chrono Boost)  
  35  3:01  Probe  
  35  3:05  Probe  
  41  3:06  Void Ray (Chrono Boost)  
  41  3:13  Pylon  
  41  3:15  Probe  
  41  3:17  Probe  
  43  3:22  Gateway  
  43  3:27  Probe  
  43  3:29  Probe  
  43  3:33  Assimilator, Oracle (Chrono Boost)  
  45  3:34  Assimilator  
  45  3:39  Probe  
  50  3:41  Probe  
  50  3:48  Twilight Council  
  50  3:55  Gateway  
  50  3:56  Gateway, Probe x2  
  52  4:04  Pylon  
  52  4:11  Probe x2  
  52  4:16  Nexus  
  54  4:21  Resonating Glaives (Chrono Boost)  
  54  4:23  Adept x2  
  58  4:29  Pylon  
  58  4:33  Probe x2  
  58  4:34  Assimilator  
  61  4:45  Probe x2  
  61  4:50  Adept x4  
  70  4:54  Pylon  
  70  5:05  Pylon  
  70  5:12  Probe x2  
  72  5:17  Adept x3  
  78  5:23  Adept  
  78  5:25  Templar Archives  
  78  5:28  Probe (Chrono Boost), Pylon  
  82  5:30  Probe (Chrono Boost)  
  82  5:31  Probe (Chrono Boost)  
  83  5:39  Probe (Chrono Boost)  
  83  5:40  Probe (Chrono Boost)  
  83  5:41  Adept x3  
  83  5:42  Probe (Chrono Boost)  
  92  5:53  Adept  
  92  5:54  Probe x2  
  86  6:02  Probe  
  84  6:05  Gateway  
  84  6:06  Gateway, Probe x2  
  84  6:07  Adept x2  
  90  6:14  Adept x2  
  90  6:16  Assimilator  
  90  6:17  Assimilator  
  88  6:21  Probe x2  
  80  6:30  Adept x2  
  84  6:34  Pylon  
Show
View Real Time Build Order
Export as new Build Order

SHIN Zerg 

Build Orders: Hatch First 

Get SALT Encoding   

  12  0:00  Drone  
  13  0:09  Drone  
  14  0:17  Overlord  
  14  0:36  Drone  
  14  0:39  Drone  
  16  0:48  Hatchery  
  15  0:52  Drone  
  15  0:56  Drone  
  17  0:59  Drone  
  18  1:10  Extractor  
  17  1:14  Spawning Pool  
  17  1:17  Drone  
  17  1:22  Drone  
  18  1:30  Drone  
  19  1:40  Drone  
  20  1:51  Drone  
  21  2:00  Queen  
  21  2:01  Zergling x2, Queen  
  25  2:03  Zergling x2  
  27  2:12  Overlord  
  27  2:14  Drone  
  27  2:15  Metabolic Boost  
  28  2:30  Drone x2  
  28  2:33  Drone  
  28  2:35  Drone  
  32  2:40  Hatchery  
  31  2:46  Queen  
  33  2:51  Overlord  
  33  2:56  Drone x2  
  35  3:01  Drone  
  36  3:09  Queen  
  36  3:10  Drone x3  
  41  3:15  Drone x2  
  41  3:18  Overlord  
  43  3:22  Overlord  
  43  3:29  Spore Crawler  
  43  3:32  Drone  
  43  3:34  Drone  
  44  3:36  Queen  
  44  3:40  Drone  
  47  3:43  Drone  
  47  3:45  Queen  
  47  3:48  Overlord  
  50  3:53  Drone x2  
  50  3:54  Spore Crawler  
  51  4:00  Drone x3  
  54  4:04  Zergling x6  
  57  4:14  Drone x2  
  57  4:15  Drone  
  57  4:16  Drone  
  57  4:17  Drone x2  
  63  4:18  Lair  
  64  4:24  Drone x2  
  64  4:28  Drone  
  66  4:32  Extractor  
  66  4:35  Queen  
  66  4:36  Drone, Baneling Nest, Spore Crawler  
  66  4:37  Drone x2  
  67  4:40  Overlord x2  
  67  4:43  Overlord  
  67  4:47  Overlord  
  67  4:51  Overlord  
  67  4:55  Overlord  
  67  4:59  Drone x6, Extractor  
  72  5:00  Drone, Extractor  
  72  5:02  Drone x2  
  74  5:07  Zergling x2  
  74  5:09  Zergling x2  
  74  5:12  Drone  
  74  5:13  Drone x2  
  79  5:20  Baneling x3  
  79  5:21  Zergling x6, Baneling x3  
  78  5:24  Zergling x8  
  78  5:26  Spore Crawler  
  78  5:27  Zergling x4  
  85  5:32  Hydralisk Den  
  85  5:34  Zergling x4  
  86  5:39  Zergling x6  
  88  5:46  Hatchery  
  88  5:48  Zergling x6  
  90  5:55  Zergling x12  
  83  5:57  Drone x2  
  83  5:58  Drone  
  83  6:00  Drone  
  83  6:01  Drone x2  
  82  6:11  Drone  
  79  6:12  Drone x2  
  72  6:22  Drone x2  
  72  6:23  Drone  
  69  6:26  Drone x3  

Tags
 
Add a new tag
Caveats
  • Supply blocks, unpowered buildings, or Contaminate may cause inaccurate times.
  • Supply counts are checked every 10 seconds.